Icehogs vs Demolitions
Created - 18 mars 2013 at 20:41
Goals
|
| Icehogs |
1 |
2 |
1 |
4 |
| Demolitions |
4 |
3 |
1 |
8 |
|
Shots
|
| Icehogs |
13 |
11 |
10 |
34 |
| Demolitions |
14 |
19 |
6 |
39 |
|
1st period
1. Icehogs , Nikolai Kulemin 31 (B.J. Crombeen, Niklas Hagman) at 4:38
2. Demolitions , Marco Sturm 15 (Anthony Stewart) at 5:12
3. Demolitions , Marco Sturm 16 (Dennis Seidenberg, Anthony Stewart) at 5:56
4. Demolitions , Petr Vrana 9 (Brandon Bochenski, Andy Rogers) at 15:51
5. Demolitions , Brad Richardson 20 (Jeremy Williams) at 16:10
Penalties :
Dennis Seidenberg (Vic) for Roughing (Minor) at 3:35, Ryan Shannon (Roc) for Hooking (Minor) at 3:35, Matt Hunwick (Roc) for Unsportsmanlike conduct (Major / Game Misconduct) at 8:46
2nd period
6. Demolitions , Anthony Stewart 14 (Ryan Craig) at 1:58
7. Icehogs , Ville Nieminen 12 (Milan Jurcina) at 4:01
8. Demolitions , Brad Richardson 21 (Jeremy Williams, Marco Sturm) at 4:47 (PP)
9. Demolitions , Troy Brouwer 19 (Brad Richardson, Janne Niskala) at 8:14
10. Icehogs , Travis Moen 10 (Nikolai Kulemin) at 17:35
Penalties :
Shane Sims (Roc) for Boarding (Minor) at 4:37, Masi Marjamaki (Vic) for Hooking (Minor) at 6:03, Ryan Shannon (Roc) for Hooking (Minor) at 9:34, Niklas Hagman (Roc) for High sticking (Minor) at 10:04, Milan Jurcina (Roc) for Hooking (Minor) at 13:39, Troy Brouwer (Vic) for Fighting (Major) at 17:38, Niklas Hagman (Roc) for Fighting (Major) at 17:38, Troy Brouwer (Vic) for instigated a fight (Minor) at 17:38, Troy Brouwer (Vic) for instigated a fight (10 Minutes Misconduct) at 17:38
3rd period
11. Demolitions , Marco Sturm 17 (Brad Richardson, Jeremy Williams) at 8:42
12. Icehogs , Stanislav Chistov 15 (Andrew Murray) at 9:25 (PP)
Penalties :
Brandon Bochenski (Vic) for Fighting (Major) at 5:07, Paul Ranger (Roc) for Fighting (Major) at 5:07, Vladimir Mihalik (Roc) for Hooking (Minor) at 5:59, Brad Richardson (Vic) for Fighting (Major) at 8:53, Niklas Hagman (Roc) for Fighting (Major) at 8:53, Brad Richardson (Vic) for instigated a fight (Minor) at 8:53, Brad Richardson (Vic) for instigated and being the aggresor in a fight (20 Minutes Game Misconduct) at 8:53, Troy Brouwer (Vic) for High sticking (Minor) at 15:37, Marc-André Bernier (Vic) for Fighting (Major) at 19:15, Ryan Parent (Roc) for Fighting (Major) at 19:15, Marc-André Bernier (Vic) for instigated a fight (Minor) at 19:15, Marc-André Bernier (Vic) for instigated a fight (10 Minutes Misconduct) at 19:15, Anssi Salmela (Vic) for Kneeing (Major) at 19:26, Logan Stephenson (Roc) for Holding (Minor) at 19:26
Goalie Stats
Jeff Deslauriers (Roc), 22 saves from 26 shots - (0,846), L, 16-10-1, 43:50 minutes
José Theodore (Roc), 9 saves from 13 shots - (0,692), 16:10 minutes
Sergei Bobrovsky (Vic), 30 saves from 34 shots - (0,882), W, 6-9-2, 60:00 minutes
Players Stats for Icehogs
Player Name G A P +/- PIM S H SB GA TA FO MP PP MP PK MP
------------------------------------------------------------------------------------
Andrew Murray 0 1 1 -3 0 0 5 2 0 0 5/8 13:36 2:17 0:27
B.J. Crombeen 0 1 1 -1 0 4 3 0 1 0 5/12 25:12 4:20 5:53
Brett Sterling 0 0 0 0 0 0 1 0 0 0 0/0 3:11 0:03 2:16
Chris Mueller 0 0 0 0 0 0 0 0 0 0 0/0 0:00 0:00 0:00
Dan Bertram 0 0 0 1 0 1 0 1 0 0 0/1 6:07 0:03 0:00
Dane Byers 0 0 0 0 0 0 0 0 0 0 0/0 0:00 0:00 0:00
Darren Helm 0 0 0 1 0 4 1 0 1 0 2/4 8:39 0:00 2:35
Dylan Hunter 0 0 0 0 0 0 0 0 0 0 0/0 0:00 0:00 0:00
Gilbert Brule 0 0 0 -1 0 2 0 1 0 1 8/35 17:51 4:20 0:00
Joakim Andersson 0 0 0 0 0 0 0 0 0 0 0/0 0:00 0:00 0:00
Josh Hennessy 0 0 0 1 0 2 2 0 0 0 4/8 9:38 0:22 0:00
Logan Stephenson 0 0 0 -1 2 1 1 0 0 0 0/0 13:27 0:42 2:52
Matt Hunwick 0 0 0 0 15 0 0 0 0 0 0/0 1:51 0:00 0:00
Milan Jurcina 0 1 1 1 2 1 1 1 0 2 0/0 20:04 2:21 3:46
Niklas Hagman 0 1 1 -1 12 2 1 1 1 1 0/2 19:49 2:50 4:47
Nikolai Kulemin 1 1 2 1 0 2 1 0 0 2 1/1 11:31 1:11 0:00
Paul Ranger 0 0 0 -4 5 3 1 0 1 4 0/0 27:27 3:47 4:58
Ryan Parent 0 0 0 -5 5 0 1 3 1 0 0/0 28:46 4:08 5:59
Ryan Shannon 0 0 0 -1 4 1 0 1 1 0 1/1 8:29 0:00 0:00
Shane Sims 0 0 0 0 2 0 1 1 0 0 0/0 10:00 0:00 2:07
Stanislav Chistov 1 0 1 -5 0 2 2 0 0 0 0/2 17:11 2:17 2:52
Tanner House 0 0 0 0 0 0 0 0 0 0 0/0 0:00 0:00 0:00
Travis Moen 1 0 1 1 0 3 1 0 0 0 0/0 5:39 0:00 0:00
Ville Nieminen 1 0 1 -5 0 5 2 0 1 0 0/1 17:11 2:17 2:52
Vladimir Mihalik 0 0 0 1 2 1 3 0 0 1 0/0 18:32 2:21 3:30
Players Stats for Demolitions
Player Name G A P +/- PIM S H SB GA TA FO MP PP MP PK MP
------------------------------------------------------------------------------------
Andy Rogers 0 1 1 1 0 0 1 1 0 0 0/0 20:03 5:09 2:08
Anssi Salmela 0 0 0 1 5 0 0 0 0 0 0/0 10:17 0:58 2:45
Anthony Stewart 1 2 3 4 0 4 0 0 0 0 1/1 16:20 3:55 1:16
Anton Babchuk 0 0 0 1 0 0 1 0 0 1 0/0 16:52 4:15 0:00
Brad Richardson 2 2 4 1 27 5 1 0 2 1 22/33 20:44 6:27 2:05
Brandon Bochenski 0 1 1 0 5 4 1 0 1 0 0/3 12:00 1:12 0:00
Dennis Seidenberg 0 1 1 2 2 2 2 0 2 2 0/0 11:36 2:19 0:53
James Sheppard 0 0 0 -1 0 0 0 0 0 0 2/3 5:03 0:00 0:00
Janne Niskala 0 1 1 3 0 2 1 1 1 1 0/0 27:55 5:42 5:05
Jeremy Williams 0 3 3 0 0 4 2 2 2 0 1/1 24:45 6:07 3:07
Josh Beaulieu 0 0 0 0 0 0 0 0 0 0 0/0 2:35 1:03 1:31
Kyle Wharton 0 0 0 0 0 0 0 2 0 0 0/0 8:22 0:00 1:28
Marc-André Bernier 0 0 0 -1 17 1 1 0 0 1 4/4 10:24 1:59 0:00
Marco Sturm 3 1 4 3 0 10 2 1 1 0 1/2 23:16 6:27 1:53
Masi Marjamaki 0 0 0 -1 2 0 2 0 0 0 0/0 5:13 0:00 0:09
Nicolas Blanchard 0 0 0 1 0 0 0 1 0 0 4/9 10:54 0:39 0:57
Petr Vrana 1 0 1 1 0 1 0 0 2 0 5/6 12:43 0:00 2:24
Robert Bortuzzo 0 0 0 0 0 0 0 0 0 1 0/0 6:23 0:00 0:00
Robert Klinkhammer 0 0 0 0 0 0 0 0 0 0 0/0 0:00 0:00 0:00
Ryan Craig 0 1 1 2 0 1 3 0 0 0 8/11 14:07 3:48 0:31
Taylor Chorney 0 0 0 1 0 3 2 1 0 0 0/0 19:09 5:06 2:06
Troy Brouwer 1 0 1 2 19 2 2 1 0 0 1/2 11:26 2:54 0:00
3 Stars
1 - Marco Sturm (Vic)
2 - Anthony Stewart (Vic)
3 - Nikolai Kulemin (Roc)
Power Play
Icehogs - 1 on 5 Attempt(s) - 20,00%
Demolitions - 1 on 6 Attempt(s) - 16,67%
Penalty Kill
Icehogs - 5 on 6 Attempt(s) - 83,33%
- Score 0 goal in Penalty Kill
Demolitions - 4 on 5 Attempt(s) - 80,00%
- Score 0 goal in Penalty Kill
Official
Referees : Kimmerly Greg and Fraser Kerry
Linesman : Jonny Murray and Mark Shewchyk
Game Notes
Matt Hunwick ejected from game at 8:46 of 1st period
Jeff Deslauriers enters game at 16:10 of 1st period
Dennis Seidenberg is injured at 7:42 of 2nd period (Sprained Right Ankle)
Niklas Hagman beats up Troy Brouwer at 17:38 of 2nd period
Paul Ranger beats up Brandon Bochenski at 5:07 of 3rd period
Marco Sturm has scored a Hat Trick!
Brad Richardson and Niklas Hagman fight to a draw at 8:53 of 3rd period
Brad Richardson ejected from game at 8:53 of 3rd period
Marc-André Bernier and Ryan Parent fight to a draw at 19:15 of 3rd period
Icehogs
5 vs 5 Forward
Center Left Wing Right Wing Time % Phy DF OF
1 Gilbert Brule Niklas Hagman B.J. Crombeen 40 1 2 2
2 Andrew Murray Ville Nieminen Stanislav Chistov 30 1 2 2
3 Josh Hennessy Nikolai Kulemin Ryan Shannon 20 1 2 2
4 Darren Helm Travis Moen Dan Bertram 10 1 2 2
5 vs 5 Defense
Defense Defense Time % Phy DF OF
1 Paul Ranger Ryan Parent 40 1 2 2
2 Vladimir Mihalik Milan Jurcina 30 1 2 2
3 Matt Hunwick Logan Stephenson 20 1 2 2
4 Shane Sims Paul Ranger 10 1 2 2
PowerPlay Forward
Center Left Wing Right Wing Time % Phy DF OF
1 Gilbert Brule Niklas Hagman B.J. Crombeen 60 1 2 2
2 Andrew Murray Ville Nieminen Stanislav Chistov 40 1 2 2
PowerPlay Defense
Defense Defense Time % Phy DF OF
1 Paul Ranger Ryan Parent 60 1 2 2
2 Vladimir Mihalik Milan Jurcina 40 1 2 2
Penalty Kill 4 Players Forward
Center Wing Time % Phy DF OF
1 B.J. Crombeen Niklas Hagman 60 1 2 2
2 Ville Nieminen Stanislav Chistov 40 1 2 2
Penalty Kill 4 Players Defense
Defense Defense Time % Phy DF OF
1 Paul Ranger Ryan Parent 60 1 2 2
2 Vladimir Mihalik Milan Jurcina 40 1 2 2
Penalty Kill - 3 Players Forward
Forward Time % Phy DF OF
1 B.J. Crombeen 60 1 2 2
2 Niklas Hagman 40 1 2 2
Penalty Kill - 3 Players Defense
Defense Defense Time % Phy DF OF
1 Paul Ranger Ryan Parent 60 1 2 2
2 Vladimir Mihalik Milan Jurcina 40 1 2 2
4 vs 4 Forward
Center Wing Time % Phy DF OF
1 B.J. Crombeen Niklas Hagman 60 1 2 2
2 Ville Nieminen Stanislav Chistov 40 1 2 2
4 vs 4 Defense
Defense Defense Time % Phy DF OF
1 Paul Ranger Ryan Parent 60 1 2 2
2 Vladimir Mihalik Milan Jurcina 40 1 2 2
Last Minutes Offensive
Center Left Wing Right Wing Defense Defense
Gilbert Brule Niklas Hagman B.J. Crombeen Paul Ranger Ryan Parent
Last Minutes Defensive
Center Left Wing Right Wing Defense Defense
Gilbert Brule Niklas Hagman B.J. Crombeen Paul Ranger Ryan Parent
Goaltenders
Starting : José Theodore
Backup : Jeff Deslauriers
Extra Forwards
Normal : Nikolai Kulemin, Josh Hennessy, Darren Helm - PP : Nikolai Kulemin, Josh Hennessy - PK : Darren Helm
Extra Defensemen
Normal : Matt Hunwick, Logan Stephenson, Shane Sims - PP : Matt Hunwick - PK : Logan Stephenson, Shane Sims
Penalty Shots
B.J. Crombeen, Niklas Hagman, Ville Nieminen, Stanislav Chistov, Nikolai Kulemin
Demolitions
5 vs 5 Forward
Center Left Wing Right Wing Time % Phy DF OF
1 Brad Richardson Marco Sturm Jeremy Williams 40 1 2 2
2 Ryan Craig Troy Brouwer Anthony Stewart 30 1 2 2
3 Nicolas Blanchard Petr Vrana Brandon Bochenski 20 1 2 2
4 James Sheppard Masi Marjamaki Marc-André Bernier 10 1 2 2
5 vs 5 Defense
Defense Defense Time % Phy DF OF
1 Janne Niskala Dennis Seidenberg 40 1 2 2
2 Andy Rogers Taylor Chorney 30 1 2 2
3 Anton Babchuk Anssi Salmela 20 1 2 2
4 Kyle Wharton Robert Bortuzzo 10 1 2 2
PowerPlay Forward
Center Left Wing Right Wing Time % Phy DF OF
1 Brad Richardson Marco Sturm Jeremy Williams 60 1 2 2
2 Ryan Craig Troy Brouwer Anthony Stewart 40 1 2 2
PowerPlay Defense
Defense Defense Time % Phy DF OF
1 Janne Niskala Dennis Seidenberg 60 1 2 2
2 Andy Rogers Taylor Chorney 40 1 2 2
Penalty Kill 4 Players Forward
Center Wing Time % Phy DF OF
1 Brad Richardson Jeremy Williams 60 1 2 2
2 Marco Sturm Anthony Stewart 40 1 2 2
Penalty Kill 4 Players Defense
Defense Defense Time % Phy DF OF
1 Janne Niskala Dennis Seidenberg 60 1 2 2
2 Andy Rogers Taylor Chorney 40 1 2 2
Penalty Kill - 3 Players Forward
Forward Time % Phy DF OF
1 Brad Richardson 60 1 2 2
2 Jeremy Williams 40 1 2 2
Penalty Kill - 3 Players Defense
Defense Defense Time % Phy DF OF
1 Janne Niskala Dennis Seidenberg 60 1 2 2
2 Andy Rogers Taylor Chorney 40 1 2 2
4 vs 4 Forward
Center Wing Time % Phy DF OF
1 Brad Richardson Jeremy Williams 60 1 2 2
2 Marco Sturm Anthony Stewart 40 1 2 2
4 vs 4 Defense
Defense Defense Time % Phy DF OF
1 Janne Niskala Dennis Seidenberg 60 1 2 2
2 Andy Rogers Taylor Chorney 40 1 2 2
Last Minutes Offensive
Center Left Wing Right Wing Defense Defense
Brad Richardson Marco Sturm Jeremy Williams Janne Niskala Dennis Seidenberg
Last Minutes Defensive
Center Left Wing Right Wing Defense Defense
Brad Richardson Marco Sturm Jeremy Williams Janne Niskala Dennis Seidenberg
Goaltenders
Starting : Sergei Bobrovsky
Backup : Antero Niittymaki
Extra Forwards
Normal : Brandon Bochenski, Marc-André Bernier, Petr Vrana - PP : Brandon Bochenski, Marc-André Bernier - PK : Petr Vrana
Extra Defensemen
Normal : Anton Babchuk, Anssi Salmela, Kyle Wharton - PP : Anton Babchuk - PK : Anssi Salmela, Kyle Wharton
Penalty Shots
Brad Richardson, Jeremy Williams, Marco Sturm, Anthony Stewart, Ryan Craig
% Time on Ice - Icehogs
Lines # - Real PCT - Wanted PCT - Time Play
Normal Forward
1 - 36% - 40% - 14:02
2 - 29% - 30% - 11:22
3 - 21% - 20% - 8:09
4 - 14% - 10% - 5:39
Normal Defense
1 - 43% - 40% - 16:50
2 - 32% - 30% - 12:29
3 - 22% - 20% - 8:34
4 - 3% - 10% - 1:19
PP Forward
1 - 66% - 60% - 4:23
2 - 34% - 40% - 2:17
PP Defense
1 - 65% - 60% - 4:19
2 - 35% - 40% - 2:21
PK Forward
1 - 72% - 60% - 7:15
2 - 28% - 40% - 2:52
PK Defense
1 - 61% - 60% - 6:13
2 - 39% - 40% - 3:54
PK3 Forward
1 - 73% - 60% - 1:05
2 - 27% - 40% - 0:24
PK3 Defense
1 - 62% - 60% - 0:55
2 - 38% - 40% - 0:34
44 Forward
1 - 74% - 60% - 1:52
2 - 26% - 40% - 0:40
44 Defense
1 - 79% - 60% - 2:00
2 - 21% - 40% - 0:32
Last Minute Offensive - 0:00
Last Minute Defensive - 0:00
Total
Forward - 60:00
Defense - 60:00
|
% Time on Ice - Demolitions
Lines # - Real PCT - Wanted PCT - Time Play
Normal Forward
1 - 37% - 40% - 14:41
2 - 26% - 30% - 10:10
3 - 24% - 20% - 9:18
4 - 13% - 10% - 5:03
Normal Defense
1 - 42% - 40% - 16:39
2 - 29% - 30% - 11:16
3 - 13% - 20% - 4:54
4 - 16% - 10% - 6:23
PP Forward
1 - 63% - 60% - 7:18
2 - 37% - 40% - 4:18
PP Defense
1 - 56% - 60% - 6:30
2 - 44% - 40% - 5:06
PK Forward
1 - 81% - 60% - 5:24
2 - 19% - 40% - 1:16
PK Defense
1 - 69% - 60% - 4:34
2 - 32% - 40% - 2:06
PK3 Forward
1 - 100% - 60% - 0:33
2 - 0% - 40% - 0:00
PK3 Defense
1 - 100% - 60% - 0:33
2 - 0% - 40% - 0:00
44 Forward
1 - 71% - 60% - 1:24
2 - 29% - 40% - 0:35
44 Defense
1 - 66% - 60% - 1:18
2 - 34% - 40% - 0:41
Last Minute Offensive - 0:00
Last Minute Defensive - 0:00
Total
Forward - 60:00
Defense - 60:00
|
Play by Play
1st period
0:01 of 1st period - Brad Richardson wins face-off versus Gilbert Brule in neutral zone.
0:08 of 1st period - Jeremy Williams is hit by B.J. Crombeen and loses puck.
0:25 of 1st period - Ville Nieminen is hit by Dennis Seidenberg and loses puck.
0:34 of 1st period - Anthony Stewart is hit by Vladimir Mihalik and loses puck.
0:51 of 1st period - Janne Niskala is hit by Vladimir Mihalik.
1:13 of 1st period - Snap shot by Marc-André Bernier.
1:13 of 1st period - Stopped by José Theodore with a rebound.
1:15 of 1st period - Slapshot by Taylor Chorney.
1:15 of 1st period - Stopped by José Theodore without a rebound.
1:16 of 1st period - Brad Richardson wins face-off versus Gilbert Brule in Icehogs zone.
1:22 of 1st period - Off-side.
1:23 of 1st period - Brad Richardson wins face-off versus Gilbert Brule in neutral zone.
1:25 of 1st period - Off-side.
1:26 of 1st period - Brad Richardson wins face-off versus Gilbert Brule in neutral zone.
1:42 of 1st period - Wrist shot by Niklas Hagman.
1:42 of 1st period - Shot Blocked by Jeremy Williams.
1:50 of 1st period - Gilbert Brule is hit by Jeremy Williams.
2:02 of 1st period - Snap shot by Marco Sturm.
2:02 of 1st period - Stopped by José Theodore with a rebound.
3:03 of 1st period - Snap shot by Gilbert Brule.
3:03 of 1st period - Stopped by Sergei Bobrovsky with a rebound.
3:05 of 1st period - Snap shot by Logan Stephenson.
3:05 of 1st period - Deflect By Jeremy Williams.
3:05 of 1st period - Stopped by Sergei Bobrovsky without a rebound.
3:06 of 1st period - Andrew Murray wins face-off versus Ryan Craig in Demolitions zone.
3:35 of 1st period - Minor Penalty to Dennis Seidenberg for Roughing.
3:35 of 1st period - Minor Penalty to Ryan Shannon for Hooking.
3:36 of 1st period - Nikolai Kulemin wins face-off versus Brandon Bochenski in neutral zone.
4:14 of 1st period - Snap shot by Ville Nieminen.
4:14 of 1st period - Stopped by Sergei Bobrovsky with a rebound.
4:38 of 1st period - Snap shot by Nikolai Kulemin.
4:38 of 1st period - Goal by Nikolai Kulemin - Icehogs : 1 - Demolitions : 0.
4:39 of 1st period - Jeremy Williams wins face-off versus B.J. Crombeen in neutral zone.
5:12 of 1st period - Slapshot by Marco Sturm.
5:12 of 1st period - Goal by Marco Sturm - Icehogs : 1 - Demolitions : 1.
5:13 of 1st period - Brad Richardson wins face-off versus B.J. Crombeen in neutral zone.
5:35 of 1st period - Penalty to Dennis Seidenberg is over, Dennis Seidenberg is back on ice.
5:35 of 1st period - Penalty to Ryan Shannon is over, Ryan Shannon is back on ice.
5:50 of 1st period - Snap shot by Marco Sturm.
5:50 of 1st period - Shot Blocked by Ryan Parent.
5:52 of 1st period - Slapshot by Marco Sturm.
5:52 of 1st period - Shot Blocked by Ryan Parent.
5:54 of 1st period - Wrist shot by Marco Sturm.
5:54 of 1st period - Stopped by José Theodore with a rebound.
5:56 of 1st period - Wrist shot by Dennis Seidenberg.
5:56 of 1st period - Deflect By Marco Sturm.
5:56 of 1st period - Goal by Marco Sturm - Icehogs : 1 - Demolitions : 2.
5:57 of 1st period - Andrew Murray wins face-off versus Troy Brouwer in neutral zone.
6:02 of 1st period - Wrist shot by Ville Nieminen.
6:02 of 1st period - Shot Misses the Net.
6:10 of 1st period - Andrew Murray is hit by Ryan Craig and loses puck.
6:35 of 1st period - Snap shot by Stanislav Chistov.
6:35 of 1st period - Shot Blocked by Andy Rogers.
6:37 of 1st period - Snap shot by Ville Nieminen.
6:37 of 1st period - Stopped by Sergei Bobrovsky with a rebound.
6:39 of 1st period - Slapshot by Milan Jurcina.
6:39 of 1st period - Stopped by Sergei Bobrovsky without a rebound.
6:40 of 1st period - Nicolas Blanchard wins face-off versus Josh Hennessy in Demolitions zone.
6:53 of 1st period - Backhand shot by Brandon Bochenski.
6:53 of 1st period - Deflect By Petr Vrana.
6:53 of 1st period - Shot Blocked by Ryan Shannon.
6:53 of 1st period - Puck is out of play.
6:54 of 1st period - Brad Richardson wins face-off versus Gilbert Brule in Icehogs zone.
6:55 of 1st period - Wrist shot by Jeremy Williams.
6:55 of 1st period - Stopped by José Theodore with a rebound.
7:01 of 1st period - Snap shot by Jeremy Williams.
7:01 of 1st period - Stopped by José Theodore without a rebound.
7:02 of 1st period - Marco Sturm wins face-off versus Gilbert Brule in Icehogs zone.
7:35 of 1st period - Slapshot by Janne Niskala.
7:35 of 1st period - Stopped by José Theodore with a rebound.
7:47 of 1st period - Ryan Craig is hit by Ryan Parent and loses puck.
8:14 of 1st period - Slapshot by Paul Ranger.
8:14 of 1st period - Deflect By Anssi Salmela.
8:14 of 1st period - Stopped by Sergei Bobrovsky without a rebound.
8:15 of 1st period - Brad Richardson wins face-off versus Gilbert Brule in Demolitions zone.
8:44 of 1st period - Wrist shot by Josh Hennessy.
8:44 of 1st period - Deflect By Nikolai Kulemin.
8:44 of 1st period - Stopped by Sergei Bobrovsky without a rebound.
8:45 of 1st period - Ryan Craig wins face-off versus Josh Hennessy in Demolitions zone.
8:45 of 1st period - Ryan Craig is hit by Josh Hennessy.
8:46 of 1st period - Major / Game Misconduct Penalty to Matt Hunwick for Unsportsmanlike conduct.
8:46 of 1st period - Matt Hunwick is ejected from game.
8:47 of 1st period - B.J. Crombeen wins face-off versus Brad Richardson in Icehogs zone.
9:24 of 1st period - Snap shot by Ville Nieminen.
9:24 of 1st period - Shot Misses the Net.
10:08 of 1st period - B.J. Crombeen is hit by Ryan Craig and loses puck.
11:05 of 1st period - Vladimir Mihalik is hit by Taylor Chorney.
11:21 of 1st period - Taylor Chorney is hit by Brett Sterling and loses puck.
11:56 of 1st period - Ville Nieminen is hit by Brad Richardson and loses puck.
13:04 of 1st period - Brad Richardson is hit by Andrew Murray and loses puck.
13:15 of 1st period - Niklas Hagman is hit by Troy Brouwer and loses puck.
13:28 of 1st period - Ville Nieminen is hit by Dennis Seidenberg and loses puck.
13:46 of 1st period - Penalty to Matt Hunwick is over, Dan Bertram is send on ice.
13:54 of 1st period - Icing by Robert Bortuzzo.
13:55 of 1st period - Ryan Shannon wins face-off versus James Sheppard in Demolitions zone.
13:56 of 1st period - Slapshot by Josh Hennessy.
13:56 of 1st period - Stopped by Sergei Bobrovsky without a rebound.
13:57 of 1st period - Josh Hennessy wins face-off versus Nicolas Blanchard in Demolitions zone.
13:58 of 1st period - Snap shot by Ryan Shannon.
13:58 of 1st period - Shot Misses the Net.
14:22 of 1st period - Anton Babchuk is hit by Niklas Hagman and loses puck.
14:49 of 1st period - Wrist shot by Marco Sturm.
14:49 of 1st period - Stopped by José Theodore with a rebound.
14:51 of 1st period - Slapshot by Marco Sturm.
14:51 of 1st period - Shot Blocked by Ryan Parent.
15:31 of 1st period - Slapshot by Dennis Seidenberg.
15:31 of 1st period - Stopped by José Theodore without a rebound.
15:32 of 1st period - Gilbert Brule wins face-off versus Nicolas Blanchard in Icehogs zone.
15:51 of 1st period - Wrist shot by Petr Vrana.
15:51 of 1st period - Goal by Petr Vrana - Icehogs : 1 - Demolitions : 3.
15:52 of 1st period - Brad Richardson wins face-off versus Gilbert Brule in neutral zone.
16:04 of 1st period - Slapshot by Paul Ranger.
16:04 of 1st period - Stopped by Sergei Bobrovsky without a rebound.
16:05 of 1st period - Brad Richardson wins face-off versus Gilbert Brule in Demolitions zone.
16:10 of 1st period - Wrist shot by Brad Richardson.
16:10 of 1st period - Goal by Brad Richardson - Icehogs : 1 - Demolitions : 4.
16:10 of 1st period - Jeff Deslauriers enters game.
16:11 of 1st period - Brad Richardson wins face-off versus Gilbert Brule in neutral zone.
16:20 of 1st period - Wrist shot by B.J. Crombeen.
16:20 of 1st period - Stopped by Sergei Bobrovsky without a rebound.
16:21 of 1st period - Gilbert Brule wins face-off versus Brad Richardson in Demolitions zone.
16:52 of 1st period - Wrist shot by B.J. Crombeen.
16:52 of 1st period - Stopped by Sergei Bobrovsky with a rebound.
17:00 of 1st period - Snap shot by Niklas Hagman.
17:00 of 1st period - Shot Misses the Net.
17:04 of 1st period - Wrist shot by Gilbert Brule.
17:04 of 1st period - Shot Misses the Net.
17:26 of 1st period - Wrist shot by Gilbert Brule.
17:26 of 1st period - Stopped by Sergei Bobrovsky without a rebound.
17:27 of 1st period - Ryan Craig wins face-off versus Stanislav Chistov in Demolitions zone.
17:42 of 1st period - Wrist shot by Troy Brouwer.
17:42 of 1st period - Shot Misses the Net.
18:28 of 1st period - Backhand shot by Taylor Chorney.
18:28 of 1st period - Stopped by Jeff Deslauriers with a rebound.
18:59 of 1st period - Masi Marjamaki is hit by Milan Jurcina and loses puck.
19:38 of 1st period - Slapshot by Petr Vrana.
19:38 of 1st period - Shot Blocked by Andrew Murray.
2nd period
0:01 of 2nd period - Brad Richardson wins face-off versus Stanislav Chistov in neutral zone.
0:05 of 2nd period - Off-side.
0:06 of 2nd period - Andrew Murray wins face-off versus Brad Richardson in neutral zone.
0:17 of 2nd period - Slapshot by Marco Sturm.
0:17 of 2nd period - Stopped by Jeff Deslauriers with a rebound.
0:19 of 2nd period - Wrist shot by Marco Sturm.
0:19 of 2nd period - Stopped by Jeff Deslauriers with a rebound.
0:21 of 2nd period - Slapshot by Dennis Seidenberg.
0:21 of 2nd period - Stopped by Jeff Deslauriers with a rebound.
0:37 of 2nd period - Wrist shot by Anthony Stewart.
0:37 of 2nd period - Stopped by Jeff Deslauriers without a rebound.
0:38 of 2nd period - Gilbert Brule wins face-off versus Ryan Craig in Icehogs zone.
0:43 of 2nd period - Niklas Hagman is hit by Troy Brouwer.
1:07 of 2nd period - Off-side.
1:08 of 2nd period - Andrew Murray wins face-off versus Brandon Bochenski in neutral zone.
1:21 of 2nd period - Wrist shot by Ville Nieminen.
1:21 of 2nd period - Shot Misses the Net.
1:23 of 2nd period - Backhand shot by Logan Stephenson.
1:23 of 2nd period - Shot Misses the Net.
1:37 of 2nd period - Snap shot by Gilbert Brule.
1:37 of 2nd period - Shot Blocked by Jeremy Williams.
1:39 of 2nd period - Snap shot by Niklas Hagman.
1:39 of 2nd period - Stopped by Sergei Bobrovsky with a rebound.
1:41 of 2nd period - Snap shot by B.J. Crombeen.
1:41 of 2nd period - Deflect By Dennis Seidenberg.
1:41 of 2nd period - Shot Misses the Net.
1:41 of 2nd period - Puck is out of play.
1:42 of 2nd period - Ryan Craig wins face-off versus Andrew Murray in Demolitions zone.
1:58 of 2nd period - Snap shot by Anthony Stewart.
1:58 of 2nd period - Goal by Anthony Stewart - Icehogs : 1 - Demolitions : 5.
1:59 of 2nd period - Brad Richardson wins face-off versus Gilbert Brule in neutral zone.
2:06 of 2nd period - Slapshot by Brad Richardson.
2:06 of 2nd period - Stopped by Jeff Deslauriers with a rebound.
2:14 of 2nd period - Jeremy Williams is hit by B.J. Crombeen and loses puck.
2:36 of 2nd period - Troy Brouwer is hit by Vladimir Mihalik and loses puck.
2:51 of 2nd period - Snap shot by Brandon Bochenski.
2:51 of 2nd period - Stopped by Jeff Deslauriers without a rebound.
2:52 of 2nd period - Nicolas Blanchard wins face-off versus Gilbert Brule in Icehogs zone.
2:55 of 2nd period - Wrist shot by Brandon Bochenski.
2:55 of 2nd period - Stopped by Jeff Deslauriers without a rebound.
2:56 of 2nd period - Gilbert Brule wins face-off versus Brad Richardson in Icehogs zone.
3:25 of 2nd period - Snap shot by Brandon Bochenski.
3:25 of 2nd period - Stopped by Jeff Deslauriers without a rebound.
3:26 of 2nd period - Josh Hennessy wins face-off versus Brandon Bochenski in Icehogs zone.
3:52 of 2nd period - Brad Richardson is hit by Andrew Murray and loses puck.
4:01 of 2nd period - Wrist shot by Ville Nieminen.
4:01 of 2nd period - Goal by Ville Nieminen - Icehogs : 2 - Demolitions : 5.
4:02 of 2nd period - Brad Richardson wins face-off versus Niklas Hagman in neutral zone.
4:34 of 2nd period - Snap shot by Ryan Craig.
4:34 of 2nd period - Stopped by Jeff Deslauriers without a rebound.
4:35 of 2nd period - Ryan Craig wins face-off versus Gilbert Brule in Icehogs zone.
4:37 of 2nd period - Minor Penalty to Shane Sims for Boarding.
4:38 of 2nd period - Brad Richardson wins face-off versus B.J. Crombeen in Icehogs zone.
4:47 of 2nd period - Slapshot by Brad Richardson.
4:47 of 2nd period - Goal by Brad Richardson - Icehogs : 2 - Demolitions : 6.
4:48 of 2nd period - Brad Richardson wins face-off versus Gilbert Brule in neutral zone.
4:51 of 2nd period - Slapshot by Jeremy Williams.
4:51 of 2nd period - Shot Misses the Net.
4:53 of 2nd period - Snap shot by Brad Richardson.
4:53 of 2nd period - Shot Misses the Net.
4:55 of 2nd period - Slapshot by Taylor Chorney.
4:55 of 2nd period - Stopped by Jeff Deslauriers with a rebound.
4:57 of 2nd period - Slapshot by Andy Rogers.
4:57 of 2nd period - Shot Blocked by Gilbert Brule.
4:59 of 2nd period - Slapshot by Taylor Chorney.
4:59 of 2nd period - Shot Misses the Net.
5:01 of 2nd period - Wrist shot by Jeremy Williams.
5:01 of 2nd period - Stopped by Jeff Deslauriers with a rebound.
5:03 of 2nd period - Snap shot by Marco Sturm.
5:03 of 2nd period - Shot Misses the Net.
5:13 of 2nd period - Snap shot by Anthony Stewart.
5:13 of 2nd period - Deflect By Andrew Murray.
5:13 of 2nd period - Stopped by Jeff Deslauriers with a rebound.
5:15 of 2nd period - Slapshot by Dennis Seidenberg.
5:15 of 2nd period - Shot Misses the Net.
5:58 of 2nd period - Wrist shot by Darren Helm.
5:58 of 2nd period - Stopped by Sergei Bobrovsky without a rebound.
5:59 of 2nd period - James Sheppard wins face-off versus Gilbert Brule in Demolitions zone.
6:03 of 2nd period - Minor Penalty to Masi Marjamaki for Hooking.
6:04 of 2nd period - Brad Richardson wins face-off versus Gilbert Brule in Demolitions zone.
6:19 of 2nd period - Snap shot by Gilbert Brule.
6:19 of 2nd period - Shot Blocked by Janne Niskala.
6:44 of 2nd period - Snap shot by Ville Nieminen.
6:44 of 2nd period - Stopped by Sergei Bobrovsky with a rebound.
6:46 of 2nd period - Slapshot by Ryan Parent.
6:46 of 2nd period - Shot Misses the Net.
7:41 of 2nd period - Dennis Seidenberg is hit by B.J. Crombeen and loses puck.
7:42 of 2nd period - Dennis Seidenberg from Demolitions is injured at 7:42 of 2nd period (Sprained Right Ankle).
7:43 of 2nd period - Brad Richardson wins face-off versus Gilbert Brule in Demolitions zone.
8:03 of 2nd period - Penalty to Masi Marjamaki is over, Masi Marjamaki is back on ice.
8:14 of 2nd period - Slapshot by Troy Brouwer.
8:14 of 2nd period - Goal by Troy Brouwer - Icehogs : 2 - Demolitions : 7.
8:15 of 2nd period - B.J. Crombeen wins face-off versus Marco Sturm in neutral zone.
8:18 of 2nd period - Slapshot by Paul Ranger.
8:18 of 2nd period - Shot Blocked by Taylor Chorney.
8:40 of 2nd period - Ryan Parent is hit by Ryan Craig and loses puck.
9:01 of 2nd period - Wrist shot by Josh Hennessy.
9:01 of 2nd period - Stopped by Sergei Bobrovsky without a rebound.
9:02 of 2nd period - Josh Hennessy wins face-off versus Nicolas Blanchard in Demolitions zone.
9:03 of 2nd period - Snap shot by Nikolai Kulemin.
9:03 of 2nd period - Shot Blocked by Nicolas Blanchard.
9:25 of 2nd period - Vladimir Mihalik is hit by Brandon Bochenski and loses puck.
9:34 of 2nd period - Minor Penalty to Ryan Shannon for Hooking.
9:35 of 2nd period - Brad Richardson wins face-off versus B.J. Crombeen in Icehogs zone.
10:04 of 2nd period - Minor Penalty to Niklas Hagman for High sticking.
10:05 of 2nd period - B.J. Crombeen wins face-off versus Brad Richardson in Icehogs zone.
10:38 of 2nd period - Snap shot by Troy Brouwer.
10:38 of 2nd period - Stopped by Jeff Deslauriers with a rebound.
11:12 of 2nd period - Snap shot by Darren Helm.
11:12 of 2nd period - Stopped by Sergei Bobrovsky without a rebound.
11:13 of 2nd period - Ryan Craig wins face-off versus Darren Helm in Demolitions zone.
11:34 of 2nd period - Penalty to Ryan Shannon is over, Ryan Shannon is back on ice.
11:44 of 2nd period - Wrist shot by Darren Helm.
11:44 of 2nd period - Stopped by Sergei Bobrovsky with a rebound.
12:04 of 2nd period - Penalty to Niklas Hagman is over, Niklas Hagman is back on ice.
12:36 of 2nd period - Andrew Murray is hit by Masi Marjamaki and loses puck.
13:28 of 2nd period - Snap shot by Ryan Shannon.
13:28 of 2nd period - Stopped by Sergei Bobrovsky with a rebound.
13:30 of 2nd period - Snap shot by Josh Hennessy.
13:30 of 2nd period - Shot Blocked by Marco Sturm.
13:39 of 2nd period - Minor Penalty to Milan Jurcina for Hooking.
13:40 of 2nd period - B.J. Crombeen wins face-off versus Brad Richardson in Icehogs zone.
14:03 of 2nd period - Ryan Parent is hit by Taylor Chorney and loses puck.
14:19 of 2nd period - Stanislav Chistov is hit by Andy Rogers and loses puck.
14:34 of 2nd period - Slapshot by Jeremy Williams.
14:34 of 2nd period - Shot Misses the Net.
15:32 of 2nd period - Snap shot by Marco Sturm.
15:32 of 2nd period - Stopped by Jeff Deslauriers with a rebound.
15:39 of 2nd period - Penalty to Milan Jurcina is over, Milan Jurcina is back on ice.
15:52 of 2nd period - Slapshot by Brad Richardson.
15:52 of 2nd period - Stopped by Jeff Deslauriers without a rebound.
15:53 of 2nd period - Troy Brouwer wins face-off versus Josh Hennessy in Icehogs zone.
16:27 of 2nd period - Off-side.
16:28 of 2nd period - Darren Helm wins face-off versus Nicolas Blanchard in neutral zone.
16:45 of 2nd period - Snap shot by Darren Helm.
16:45 of 2nd period - Stopped by Sergei Bobrovsky with a rebound.
16:47 of 2nd period - Snap shot by Dan Bertram.
16:47 of 2nd period - Stopped by Sergei Bobrovsky without a rebound.
16:48 of 2nd period - Anthony Stewart wins face-off versus Gilbert Brule in Demolitions zone.
17:23 of 2nd period - Slapshot by Brandon Bochenski.
17:23 of 2nd period - Stopped by Jeff Deslauriers with a rebound.
17:35 of 2nd period - Wrist shot by Travis Moen.
17:35 of 2nd period - Goal by Travis Moen - Icehogs : 3 - Demolitions : 7.
17:36 of 2nd period - Ryan Craig wins face-off versus B.J. Crombeen in neutral zone.
17:38 of 2nd period - Niklas Hagman beats up Troy Brouwer.
17:38 of 2nd period - Penalty to Troy Brouwer for Fighting.
17:38 of 2nd period - Penalty to Niklas Hagman for Fighting.
17:38 of 2nd period - Penalty to Troy Brouwer for instigated a fight.
17:38 of 2nd period - Penalty to Troy Brouwer for instigated a fight.
17:39 of 2nd period - Brad Richardson wins face-off versus Gilbert Brule in neutral zone.
19:38 of 2nd period - Penalty to Troy Brouwer is over, Anthony Stewart is send on ice.
3rd period
0:01 of 3rd period - Gilbert Brule wins face-off versus Brad Richardson in neutral zone.
0:04 of 3rd period - Slapshot by Paul Ranger.
0:04 of 3rd period - Stopped by Sergei Bobrovsky with a rebound.
1:09 of 3rd period - Icing by Milan Jurcina.
1:10 of 3rd period - Brad Richardson wins face-off versus Dan Bertram in Icehogs zone.
1:19 of 3rd period - Snap shot by Brad Richardson.
1:19 of 3rd period - Stopped by Jeff Deslauriers with a rebound.
1:41 of 3rd period - Snap shot by B.J. Crombeen.
1:41 of 3rd period - Shot Misses the Net.
1:45 of 3rd period - Slapshot by B.J. Crombeen.
1:45 of 3rd period - Shot Misses the Net.
2:30 of 3rd period - Icing by Jeremy Williams.
2:31 of 3rd period - Nicolas Blanchard wins face-off versus Gilbert Brule in Demolitions zone.
2:40 of 3rd period - Wrist shot by B.J. Crombeen.
2:40 of 3rd period - Stopped by Sergei Bobrovsky without a rebound.
2:41 of 3rd period - Gilbert Brule wins face-off versus Brad Richardson in Demolitions zone.
2:52 of 3rd period - Gilbert Brule is hit by Marco Sturm and loses puck.
3:07 of 3rd period - Andy Rogers is hit by Andrew Murray and loses puck.
3:36 of 3rd period - Marc-André Bernier is hit by Nikolai Kulemin and loses puck.
4:01 of 3rd period - Marco Sturm is hit by Logan Stephenson and loses puck.
4:22 of 3rd period - Logan Stephenson is hit by Janne Niskala.
5:02 of 3rd period - Wrist shot by Ryan Shannon.
5:02 of 3rd period - Deflect By Josh Hennessy.
5:02 of 3rd period - Shot Blocked by Kyle Wharton.
5:02 of 3rd period - Puck is out of play.
5:03 of 3rd period - Nicolas Blanchard wins face-off versus Gilbert Brule in Demolitions zone.
5:07 of 3rd period - Paul Ranger beats up Brandon Bochenski.
5:07 of 3rd period - Penalty to Brandon Bochenski for Fighting.
5:07 of 3rd period - Penalty to Paul Ranger for Fighting.
5:08 of 3rd period - Brad Richardson wins face-off versus Niklas Hagman in neutral zone.
5:40 of 3rd period - Anssi Salmela is hit by Andrew Murray and loses puck.
5:47 of 3rd period - Slapshot by Stanislav Chistov.
5:47 of 3rd period - Deflect By Anton Babchuk.
5:47 of 3rd period - Shot Hit the Post.
5:47 of 3rd period - Puck is out of play.
5:48 of 3rd period - Josh Hennessy wins face-off versus Brad Richardson in Demolitions zone.
5:49 of 3rd period - Snap shot by Ryan Shannon.
5:49 of 3rd period - Shot Misses the Net.
5:59 of 3rd period - Minor Penalty to Vladimir Mihalik for Hooking.
6:00 of 3rd period - B.J. Crombeen wins face-off versus Brad Richardson in Icehogs zone.
6:38 of 3rd period - Snap shot by Niklas Hagman.
6:38 of 3rd period - Stopped by Sergei Bobrovsky with a rebound.
6:41 of 3rd period - Icing by Marc-André Bernier.
6:42 of 3rd period - Marc-André Bernier wins face-off versus Ville Nieminen in Demolitions zone.
6:42 of 3rd period - Marc-André Bernier is hit by Ville Nieminen.
7:38 of 3rd period - 10 Minutes Game Misconduct Penalty to Troy Brouwer is over.
7:59 of 3rd period - Penalty to Vladimir Mihalik is over, Vladimir Mihalik is back on ice.
8:04 of 3rd period - Petr Vrana is hit by Shane Sims and loses puck.
8:28 of 3rd period - Wrist shot by Travis Moen.
8:28 of 3rd period - Stopped by Sergei Bobrovsky with a rebound.
8:32 of 3rd period - Backhand shot by Travis Moen.
8:32 of 3rd period - Deflect By Anthony Stewart.
8:32 of 3rd period - Stopped by Sergei Bobrovsky without a rebound.
8:33 of 3rd period - Brad Richardson wins face-off versus Andrew Murray in Demolitions zone.
8:40 of 3rd period - Snap shot by Jeremy Williams.
8:40 of 3rd period - Shot Blocked by Andrew Murray.
8:42 of 3rd period - Snap shot by Brad Richardson.
8:42 of 3rd period - Deflect By Marco Sturm.
8:42 of 3rd period - Goal by Marco Sturm - Icehogs : 3 - Demolitions : 8.
8:43 of 3rd period - Gilbert Brule wins face-off versus Brad Richardson in neutral zone.
8:53 of 3rd period - Brad Richardson and Niklas Hagman fight to a draw.
8:53 of 3rd period - Penalty to Brad Richardson for Fighting.
8:53 of 3rd period - Penalty to Niklas Hagman for Fighting.
8:53 of 3rd period - Penalty to Brad Richardson for instigated a fight.
8:53 of 3rd period - Penalty to Brad Richardson for instigated and being the aggresor in a fight.
8:53 of 3rd period - Brad Richardson is ejected from game.
8:54 of 3rd period - Petr Vrana wins face-off versus Gilbert Brule in neutral zone.
8:59 of 3rd period - Slapshot by Janne Niskala.
8:59 of 3rd period - Stopped by Jeff Deslauriers without a rebound.
9:00 of 3rd period - Gilbert Brule wins face-off versus Petr Vrana in Icehogs zone.
9:25 of 3rd period - Snap shot by Stanislav Chistov.
9:25 of 3rd period - Goal by Stanislav Chistov - Icehogs : 4 - Demolitions : 8.
9:26 of 3rd period - Marc-André Bernier wins face-off versus Gilbert Brule in neutral zone.
9:57 of 3rd period - Slapshot by B.J. Crombeen.
9:57 of 3rd period - Stopped by Sergei Bobrovsky without a rebound.
9:58 of 3rd period - Andrew Murray wins face-off versus Nicolas Blanchard in Demolitions zone.
9:59 of 3rd period - Snap shot by Ville Nieminen.
9:59 of 3rd period - Stopped by Sergei Bobrovsky without a rebound.
10:00 of 3rd period - Marc-André Bernier wins face-off versus Andrew Murray in Demolitions zone.
10:00 of 3rd period - Marc-André Bernier is hit by Stanislav Chistov.
10:10 of 3rd period - Snap shot by Jeremy Williams.
10:10 of 3rd period - Shot Blocked by Milan Jurcina.
10:14 of 3rd period - Snap shot by Jeremy Williams.
10:14 of 3rd period - Deflect By Andrew Murray.
10:14 of 3rd period - Stopped by Jeff Deslauriers without a rebound.
10:15 of 3rd period - Ryan Craig wins face-off versus Gilbert Brule in Icehogs zone.
10:42 of 3rd period - Stanislav Chistov is hit by Jeremy Williams and loses puck.
11:05 of 3rd period - Travis Moen is hit by Marc-André Bernier and loses puck.
12:16 of 3rd period - Snap shot by Jeremy Williams.
12:16 of 3rd period - Shot Misses the Net.
12:32 of 3rd period - Slapshot by Anthony Stewart.
12:32 of 3rd period - Stopped by Jeff Deslauriers with a rebound.
12:34 of 3rd period - Slapshot by Anton Babchuk.
12:34 of 3rd period - Shot Blocked by Dan Bertram.
12:52 of 3rd period - Andy Rogers is hit by Ville Nieminen and loses puck.
14:01 of 3rd period - Stanislav Chistov is hit by Marco Sturm and loses puck.
14:21 of 3rd period - Marc-André Bernier is hit by Darren Helm.
14:46 of 3rd period - Marco Sturm is hit by Josh Hennessy and loses puck.
15:06 of 3rd period - Wrist shot by Stanislav Chistov.
15:06 of 3rd period - Shot Misses the Net.
15:25 of 3rd period - Off-side.
15:26 of 3rd period - Darren Helm wins face-off versus Ryan Craig in neutral zone.
15:37 of 3rd period - Minor Penalty to Troy Brouwer for High sticking.
15:38 of 3rd period - Petr Vrana wins face-off versus Gilbert Brule in Demolitions zone.
15:38 of 3rd period - Petr Vrana is hit by Paul Ranger.
16:03 of 3rd period - Anssi Salmela is hit by Andrew Murray and loses puck.
16:32 of 3rd period - Taylor Chorney is hit by Stanislav Chistov.
17:19 of 3rd period - Icing by Paul Ranger.
17:20 of 3rd period - Ryan Craig wins face-off versus Gilbert Brule in Icehogs zone.
17:21 of 3rd period - Snap shot by Marco Sturm.
17:21 of 3rd period - Stopped by Jeff Deslauriers with a rebound.
17:37 of 3rd period - Penalty to Troy Brouwer is over, Troy Brouwer is back on ice.
18:13 of 3rd period - Slapshot by Stanislav Chistov.
18:13 of 3rd period - Shot Blocked by Troy Brouwer.
18:15 of 3rd period - Wrist shot by Ville Nieminen.
18:15 of 3rd period - Deflect By Stanislav Chistov.
18:15 of 3rd period - Stopped by Sergei Bobrovsky without a rebound.
18:16 of 3rd period - James Sheppard wins face-off versus Josh Hennessy in Demolitions zone.
18:41 of 3rd period - Vladimir Mihalik is hit by Anton Babchuk and loses puck.
18:53 of 3rd period - 10 Minutes Game Misconduct Penalty to Brad Richardson is over.
18:56 of 3rd period - Snap shot by Andrew Murray.
18:56 of 3rd period - Shot Misses the Net.
18:58 of 3rd period - Snap shot by Vladimir Mihalik.
18:58 of 3rd period - Shot Blocked by Kyle Wharton.
19:00 of 3rd period - Snap shot by Vladimir Mihalik.
19:00 of 3rd period - Stopped by Sergei Bobrovsky without a rebound.
19:01 of 3rd period - Marc-André Bernier wins face-off versus Darren Helm in Demolitions zone.
19:01 of 3rd period - Marc-André Bernier is hit by Travis Moen.
19:11 of 3rd period - Dan Bertram is hit by Masi Marjamaki and loses puck.
19:15 of 3rd period - Marc-André Bernier and Ryan Parent fight to a draw.
19:15 of 3rd period - Penalty to Marc-André Bernier for Fighting.
19:15 of 3rd period - Penalty to Ryan Parent for Fighting.
19:15 of 3rd period - Penalty to Marc-André Bernier for instigated a fight.
19:15 of 3rd period - Penalty to Marc-André Bernier for instigated a fight.
19:16 of 3rd period - Petr Vrana wins face-off versus Gilbert Brule in neutral zone.
19:26 of 3rd period - Major Penalty to Anssi Salmela for Kneeing.
19:26 of 3rd period - Minor Penalty to Logan Stephenson for Holding.
19:27 of 3rd period - Petr Vrana wins face-off versus B.J. Crombeen in Icehogs zone.
19:36 of 3rd period - Snap shot by Petr Vrana.
19:36 of 3rd period - Shot Blocked by Shane Sims.
19:38 of 3rd period - Snap shot by Kyle Wharton.
19:38 of 3rd period - Deflect By Petr Vrana.
19:38 of 3rd period - Shot Blocked by Niklas Hagman.
19:38 of 3rd period - Puck is out of play.
19:39 of 3rd period - Petr Vrana wins face-off versus B.J. Crombeen in Icehogs zone.
Output by the SimonT Hockey Simulator (STHS) for François Prévost -- Original Page W3C XHTML 1.0 Valid